 Dungeon Crawl Stone Soup version 0.27.0-1-g7a089689b8 (webtiles) character file.

Game seed: 10382128368185359639

277 hawla the Covert (level 6, 0/37 HPs)
             Began as a Deep Elf Delver on Aug 6, 2021.
             Slain by Eustachio (6 damage)
             ... on level 6 of the Dungeon.
             The game lasted 00:04:30 (1040 turns).

hawla the Covert (Deep Elf Delver)                  Turns: 1040, Time: 00:04:31

Health: 0/37       AC:  3    Str:  9    XL:     6   Next: 4%
Magic:  8/8        EV: 12    Int: 17    God:
Gold:   38         SH:  0    Dex: 16    Spells: 5/5 levels left

rFire    . . .     SeeInvis .   a - +0 short sword
rCold    . . .     Faith    .   (no shield)
rNeg     . . .     Spirit   .   b - +0 leather armour
rPois    .         Reflect  .   (no helmet)
rElec    .         Harm     .   (no cloak)
rCorr    .         Rampage  .   (no gloves)
Will     .....                  (no boots)
Stlth    ++++......             (no amulet)
HPRegen  0.12/turn              h - ring of flight
MPRegen  0.11/turn              (no ring)

@: flying, hasted, very quick
A: no striking features
a: no special abilities


You were on level 6 of the Dungeon.
You visited 1 branch of the dungeon, and saw 3 of its levels.

You collected 38 gold pieces.

Inventory:

Hand Weapons
 a - a +0 short sword (weapon)
Armour
 b - a +0 leather armour (worn)
Jewellery
 h - a ring of flight (left hand)
Wands
 g - a wand of digging (3)
Scrolls
 c - a scroll of fog
 d - a scroll of magic mapping
 e - a scroll of fear
 i - a scroll of teleportation {unknown}


   Skills:
 + Level 3.0 Fighting
 + Level 2.9 Short Blades
 + Level 2.9 Dodging
 + Level 9.0 Stealth
 + Level 0.0 Shields
 + Level 0.0 Spellcasting
 + Level 0.0 Necromancy
 + Level 0.0 Evocations


You had 5 spell levels left.
You didn't know any spells.
Your spell library contained the following spells:

 Spells                   Type           Power      Damage    Failure   Level
 Magic Dart               Conj           0%         1d3       32%         1
 Searing Ray              Conj           0%         3d3       45%         2
 Fulminant Prism          Conj/Hex       0%         3d6       97%         4


Dungeon Overview and Level Annotations

Branches:
Dungeon (6/15)
 Temple: D:4-7

Altars:

Annotations:
D:5 1 runed translucent door, Crazy Yiuf, Duvessa
D:6 Eustachio


Message History

Found a book of Conjurations.
There is a stone staircase leading up here.
You are too injured to fight recklessly!
The helpless Eustachio fails to defend himself.
You impale Eustachio!!
Eustachio is severely wounded.
Eustachio mumbles some strange words.
Eustachio blinks!
You pick up a book of Conjurations and begin reading...
You add the spells Magic Dart, Searing Ray and Fulminant Prism to your library.
You start resting.
You feel yourself slow down.
You start resting.
Eustachio is nearby!
Eustachio gestures wildly while chanting.
You closely miss Eustachio.
Eustachio is heavily wounded.
Eustachio drinks a potion.
Eustachio is healed!
The rat bites you but does no damage.
You miss Eustachio.
Eustachio is moderately wounded.
Eustachio hits you with a +0 rapier!
* * * LOW HITPOINT WARNING * * *
The rat bites you.
* * * LOW HITPOINT WARNING * * *
There is a stone staircase leading up here.
You barely miss Eustachio.
Eustachio is moderately wounded.
Eustachio closely misses you.
You closely miss Eustachio.
Eustachio is moderately wounded.
The rat misses you.
Eustachio calls on the powers of shadow!
Eustachio hits you with a +0 rapier.
* * * LOW HITPOINT WARNING * * *
You feel yourself speed up. The rat bites you.
* * * LOW HITPOINT WARNING * * *
Eustachio twirls his moustache.
Eustachio hits you with a +0 rapier.
You die...

### .. ..... . ..
.## .. ..... ...
.#.# .... ..#
.... #.####
...#..##.@..##
........r@...#
##..#.####.......
.. ....... ...
####.## ... # ..
.


You could see Eustachio and a rat (summoned).

Vanquished Creatures
  An ogre (D:5)
  A centaur (D:5)
  A scorpion (D:5)
  An iguana (D:5)
  An orc wizard (D:5)
  An orc (D:5)
  An endoplasm (D:4)
7 creatures vanquished.

Notes
Turn   | Place    | Note
-------+----------+-------------------------------------------
     0 | D:5      | hawla the Deep Elf Delver began the quest for the Orb.
     0 | D:5      | Reached XP level 1. HP: 13/13 MP: 3/3
    65 | D:5      | Noticed an ogre
    75 | D:5      | Killed an ogre
    76 | D:5      | Reached skill level 7 in Stealth
    76 | D:5      | Reached XP level 2. HP: 4/18 MP: 4/4
    76 | D:5      | Reached XP level 3. HP: 5/22 MP: 5/5
    76 | D:5      | Reached XP level 4. HP: 6/27 MP: 6/6
   315 | D:5      | Noticed a scorpion
   317 | D:5      | Killed a scorpion
   318 | D:5      | Reached skill level 8 in Stealth
   318 | D:5      | Reached XP level 5. HP: 32/32 MP: 7/7
   353 | D:5      | Noticed Duvessa
   411 | D:5      | Noticed a centaur
   415 | D:5      | Killed a centaur
   910 | D:5      | Found a runed translucent door.
   911 | D:5      | Noticed Crazy Yiuf
   984 | D:5      | Reached skill level 9 in Stealth
   984 | D:5      | Reached XP level 6. HP: 25/37 MP: 8/8
  1023 | D:6      | Noticed Eustachio
  1040 | D:6      | Slain by Eustachio

Illustrated notes

Levels and vault maps discovered:
D:4:      layout_gridville, kennysheep_windowed_goal
D:5:      layout_basic, uniq_crazy_yiuf_cottage, uniq_duvessa
D:6:      layout_rooms, hangedman_abyss_or_decor_passed, uniq_eustachio

Skill      XL: |  1  2  3  4  5 |
---------------+----------------+-----
Stealth        | 7 8 9 |  9.0
Fighting       | 3 |  3.0
Short Blades   | |  2.9
Dodging        | |  2.9

Action                   |  1- 3 |  4- 6 || total
-------------------------+-------+-------++-------
Melee: Short sword       |     4 |    26 ||    30
  Use: Potion            |       |     2 ||     2
 Stab: Sleeping          |     1 |     5 ||     6
Armor: Leather armour    |       |     3 ||     3
Dodge: Dodged            |       |    10 ||    10
